NCAA
WASHINGTON STATE COUGARS @ TEXAS LONGHORNS
05/07/2029
 
TOP OF THE 1ST
Washington State Cougars batting - Pitching for Texas Longhorns : RHP Jack Thorpe
Pitching: RHP Jack Thorpe
Batting: RHB Merlin Dobbin 0-0: Ball
1-0: Ball
2-0: Foul Ball, location: 2F
2-1: Ball
3-1: Base on Balls
Batting: SHB Jeff Page 0-0: Ball
1-0: Ball
2-0: Grounds into double play, 4-6-3 (Groundball, 4)
Batting: RHB Millard Cummings 0-0: Ball
1-0: Ball
2-0: Swinging Strike
2-1: Swinging Strike
2-2: Strikes out swinging
Top of the 1st over - 0 runs, 0 hits, 0 errors, 0 left on base; Washington State 0 - Texas 0
BOTTOM OF THE 1ST
Texas Longhorns batting - Pitching for Washington State Cougars : LHP Ed Bailey
Pitching: LHP Ed Bailey
Batting: RHB Norm Martin 0-0: Ball
1-0: Called Strike
1-1: Ground out 5-3 (Groundball, 56S)
Batting: LHB Matt Turner 0-0: Swinging Strike
0-1: Ball
1-1: Swinging Strike
1-2: Ball
2-2: Ball
3-2: Base on Balls
Batting: RHB Jonathan Boyer 0-0: 2-RUN HOME RUN (Flyball, 7LD), Distance : 340 ft
Batting: RHB Owen Grant 0-0: Called Strike
0-1: Called Strike
0-2: Foul Ball, location: 2F
0-2: Ball
1-2: Ball
2-2: Foul Ball, location: 2F
2-2: Foul Ball, location: 2F
2-2: Ball
3-2: SINGLE (Line Drive, 4M)
Batting: LHB Bill Turner 0-0: Ball
1-0: Fly out, F9 (Flyball, 89M)
Batting: RHB Curtis Lawson 0-0: Called Strike
0-1: Swinging Strike
0-2: Ball
1-2: Ground out 6-3 (Groundball, 6S)
Bottom of the 1st over - 2 runs, 2 hits, 0 errors, 1 left on base; Washington State 0 - Texas 2
TOP OF THE 2ND
Washington State Cougars batting - Pitching for Texas Longhorns : RHP Jack Thorpe
Batting: RHB Jesse Pérez 0-0: Called Strike
0-1: SINGLE (Line Drive, 78S)
Batting: RHB Ian Hill 0-0: Called Strike
0-1: Called Strike
0-2: Ball
1-2: Ball
2-2: Foul Ball, location: 2F
2-2: Strikes out swinging
Batting: RHB Julius Bell 0-0: SINGLE (Line Drive, 6MD)
Jesse Pérez to second
Batting: LHB Jorge Ramírez 0-0: Ball
1-0: Ball
2-0: Fly out, F9 (Flyball, 89M)
Runner from 2nd tags up, SAFE at 3rd with throw
Batting: RHB Charlie Owens 0-0: Ball
1-0: Foul Ball, location: 2F
1-1: 3-RUN HOME RUN (Flyball, 8RXD), Distance : 398 ft
Batting: RHB Walt Hamilton 0-0: Ball
1-0: Called Strike
1-1: Ball
2-1: Swinging Strike
2-2: Ball
3-2: Strikes out swinging
Top of the 2nd over - 3 runs, 3 hits, 0 errors, 0 left on base; Washington State 3 - Texas 2
BOTTOM OF THE 2ND
Texas Longhorns batting - Pitching for Washington State Cougars : LHP Ed Bailey
Batting: SHB Del McNeill 0-0: Ground out 6-3 (Groundball, 6)
Batting: LHB Jim Davis 0-0: Ground out 4-3 (Groundball, 4)
Batting: RHB William Gilmore 0-0: Ball
1-0: Ground out 5-3 (Groundball, 56)
Bottom of the 2nd over - 0 runs, 0 hits, 0 errors, 0 left on base; Washington State 3 - Texas 2
TOP OF THE 3RD
Washington State Cougars batting - Pitching for Texas Longhorns : RHP Jack Thorpe
Batting: RHB Merlin Dobbin 0-0: Fly out, F8 (Flyball, 89S)
Batting: SHB Jeff Page 0-0: Ball
1-0: Fly out, F9 (Flyball, 9)
Batting: RHB Millard Cummings 0-0: Ball
1-0: Foul Ball, location: 2F
1-1: Swinging Strike
1-2: Fly out, F8 (Flyball, 8RD)
Top of the 3rd over - 0 runs, 0 hits, 0 errors, 0 left on base; Washington State 3 - Texas 2
BOTTOM OF THE 3RD
Texas Longhorns batting - Pitching for Washington State Cougars : LHP Ed Bailey
Batting: RHB Norm Martin 0-0: Ball
1-0: Fly out, F8 (Flyball, 8RD)
Batting: LHB Matt Turner 0-0: Ball
1-0: Called Strike
1-1: Ball
2-1: SINGLE (Groundball, 6D)
Batting: RHB Jonathan Boyer 0-0: Ball
1-0: Ball
2-0: Ball
3-0: Called Strike
3-1: Base on Balls
Matt Turner to second
Batting: RHB Owen Grant 0-0: Called Strike
Matt Turner steals 3rd base
0-1: Fly out, F9 (Flyball, 9)
Runner from 3rd tags up, SCORES, no throw
Batting: LHB Bill Turner 0-0: Ball
1-0: Foul Ball, location: 2F
1-1: Ball
2-1: Foul Ball, location: 2F
2-2: Fielders Choice at 2nd, U4 (Groundball, 4M)
Bottom of the 3rd over - 1 run, 1 hit, 0 errors, 1 left on base; Washington State 3 - Texas 3
TOP OF THE 4TH
Washington State Cougars batting - Pitching for Texas Longhorns : RHP Jack Thorpe
Batting: RHB Jesse Pérez 0-0: Called Strike
0-1: Fly out, F8 (Flyball, 89M)
Batting: RHB Ian Hill 0-0: Ball
1-0: Ball
2-0: Ball
3-0: Called Strike
3-1: Base on Balls
Batting: RHB Julius Bell 0-0: Swinging Strike
0-1: Fly out, F6 (Popup, P)
Batting: LHB Jorge Ramírez 0-0: Ball
1-0: Ball
2-0: Ball
3-0: Base on Balls
Ian Hill to second
Batting: RHB Charlie Owens 0-0: Ball
1-0: Called Strike
1-1: Called Strike
1-2: Foul Ball, location: 2F
1-2: Hit by Pitch
Ian Hill to third
Jorge Ramírez to second
Batting: RHB Walt Hamilton 0-0: Called Strike
0-1: Ball
1-1: Ball
Wild Pitch!
Ian Hill scores
Jorge Ramírez to third
Charlie Owens to second
2-1: Ball
3-1: SINGLE (Groundball, 5S) (infield hit)
Jorge Ramírez scores
Charlie Owens to third
Batting: RHB Merlin Dobbin 0-0: Ball
1-0: Foul Ball, location: 2F
1-1: Reached on error, E4 (Groundball, 34)
Charlie Owens scores
Walt Hamilton to second
Pitching: RHP José Escobar
Batting: SHB Jeff Page 0-0: Called Strike
0-1: Ball
1-1: Ball
2-1: Ball
3-1: Base on Balls
Walt Hamilton to third
Merlin Dobbin to second
Batting: RHB Millard Cummings 0-0: Called Strike
0-1: Ball
1-1: Ball
2-1: Ball
3-1: Base on Balls
Walt Hamilton scores
Merlin Dobbin to third
Jeff Page to second
Batting: RHB Jesse Pérez 0-0: Ball
1-0: Foul Ball, location: 2F
1-1: Ball
2-1: Foul Ball, location: 2F
Balk!
Merlin Dobbin scores
Jeff Page to third
Millard Cummings to second
2-2: Ball
3-2: SINGLE (Groundball, 6D) (infield hit)
Jeff Page scores
Millard Cummings to third
Batting: RHB Ian Hill 0-0: Called Strike
0-1: Reached on error, E5 (Groundball, 5)
Millard Cummings scores
Jesse Pérez to second
Batting: RHB Julius Bell 0-0: Ball
1-0: Fly out, F7 (Flyball, 78D)
Top of the 4th over - 7 runs, 2 hits, 2 errors, 2 left on base; Washington State 10 - Texas 3
BOTTOM OF THE 4TH
Texas Longhorns batting - Pitching for Washington State Cougars : LHP Ed Bailey
Batting: RHB Curtis Lawson 0-0: Called Strike
0-1: Ball
1-1: Ball
2-1: Foul Ball, location: 2F
2-2: Fly out, F7 (Flyball, 7D)
Batting: SHB Del McNeill 0-0: Called Strike
0-1: Ground out 1-3 (Groundball, 13)
Batting: LHB Jim Davis 0-0: Swinging Strike
0-1: Swinging Strike
0-2: Ball
1-2: Foul Ball, location: 2F
1-2: Ball
2-2: Foul Ball, location: 2F
2-2: Fly out, F7 (Flyball, 78S)
Bottom of the 4th over - 0 runs, 0 hits, 0 errors, 0 left on base; Washington State 10 - Texas 3
TOP OF THE 5TH
Washington State Cougars batting - Pitching for Texas Longhorns : RHP José Escobar
Now in LF: Quentin Barker
Batting: LHB Jorge Ramírez 0-0: Ball
1-0: Ball
2-0: Ball
3-0: Base on Balls
Batting: RHB Charlie Owens 0-0: Called Strike
0-1: Swinging Strike
0-2: DOUBLE (Line Drive, 9LD)
Jorge Ramírez to third
Runner from 3rd tries for Home, SAFE, throw made at trailing runner, OUT at third!
Batting: RHB Walt Hamilton 0-0: Ball
1-0: Ball
2-0: Swinging Strike
2-1: Ball
3-1: Base on Balls
Batting: RHB Merlin Dobbin 0-0: Called Strike
0-1: Foul Ball, location: 2F
0-2: Ground out 5-3 (Groundball, 56S)
Walt Hamilton to second
Batting: SHB Jeff Page 0-0: Called Strike
0-1: Ball
Wild Pitch!
Walt Hamilton to third
1-1: Ball
2-1: Foul Ball, location: 2F
2-2: Fly out, F9 (Flyball, 89M)
Top of the 5th over - 1 run, 1 hit, 0 errors, 1 left on base; Washington State 11 - Texas 3
BOTTOM OF THE 5TH
Texas Longhorns batting - Pitching for Washington State Cougars : LHP Ed Bailey
Batting: RHB William Gilmore 0-0: Swinging Strike
0-1: Foul Ball, location: 2F
0-2: Strikes out swinging
Batting: RHB Norm Martin 0-0: Ball
1-0: Ball
2-0: Ball
3-0: Base on Balls
Batting: LHB Matt Turner 0-0: Ball
1-0: Ball
2-0: Called Strike
2-1: Ball
Norm Martin steals 2nd base
3-1: Foul Ball, location: 2F
3-2: Base on Balls
Batting: RHB Quentin Barker 0-0: Called Strike
0-1: Foul Ball, location: 2F
0-2: Ball
1-2: Fly out, F6 (Popup, 6MD)
Batting: RHB Owen Grant 0-0: Swinging Strike
0-1: Ball
1-1: Fly out, F8 (Flyball, 8LD)
Bottom of the 5th over - 0 runs, 0 hits, 0 errors, 2 left on base; Washington State 11 - Texas 3
TOP OF THE 6TH
Washington State Cougars batting - Pitching for Texas Longhorns : RHP José Escobar
Batting: RHB Millard Cummings 0-0: Ball
1-0: Called Strike
1-1: Foul Ball, location: 2F
1-2: Ball
2-2: Ball
3-2: Fly out, F8 (Flyball, 8RD)
Batting: RHB Jesse Pérez 0-0: Foul Ball, location: 2F
0-1: Foul Ball, location: 2F
0-2: Strikes out swinging
Batting: RHB Ian Hill 0-0: Ball
1-0: Ball
2-0: Ball
3-0: Base on Balls
Batting: RHB Julius Bell 0-0: Called Strike
Ian Hill steals 2nd base
0-1: Ball
1-1: Ball
2-1: Ball
3-1: Fly out, F6 (Popup, 6MS)
Top of the 6th over - 0 runs, 0 hits, 0 errors, 1 left on base; Washington State 11 - Texas 3
BOTTOM OF THE 6TH
Texas Longhorns batting - Pitching for Washington State Cougars : LHP Ed Bailey
Batting: LHB Bill Turner 0-0: Called Strike
0-1: Ball
1-1: Ball
2-1: Ball
3-1: Reached on error, E6 (Groundball, 6S)
Batting: RHB Curtis Lawson 0-0: Ball
1-0: Ball
2-0: Fielders Choice at 2nd, 4-6 (Groundball, 4M)
Batting: SHB Del McNeill 0-0: Called Strike
0-1: Swinging Strike
0-2: Ball
1-2: Foul Ball, location: 2F
1-2: Strikes out swinging
Batting: LHB Jim Davis 0-0: Called Strike
0-1: Ball
1-1: Ball
2-1: SINGLE (Flyball, 7LS)
Curtis Lawson to second
Batting: RHB William Gilmore 0-0: Fielders Choice at 2nd, 5-4 (Groundball, 5)
Bottom of the 6th over - 0 runs, 1 hit, 1 error, 2 left on base; Washington State 11 - Texas 3
TOP OF THE 7TH
Washington State Cougars batting - Pitching for Texas Longhorns : RHP José Escobar
Batting: LHB Jorge Ramírez 0-0: Ball
1-0: Foul Ball, location: 2F
1-1: Called Strike
1-2: DOUBLE (Line Drive, 78D)
Pitching: RHP Paul Burns
Batting: RHB Charlie Owens 0-0: Ball
1-0: Called Strike
1-1: Foul Ball, location: 2F
1-2: Ball
2-2: Ball
3-2: Base on Balls
Batting: RHB Walt Hamilton 0-0: Swinging Strike
0-1: Called Strike
0-2: Strikes out swinging
Batting: RHB Merlin Dobbin 0-0: Called Strike
0-1: Ball
Jorge Ramírez steals 3rd base
1-1: Fly out, F9 (Flyball, 9)
Runner from 3rd tags up, SCORES, no throw
Batting: SHB Jeff Page 0-0: Ball
1-0: Ball
2-0: Ball
3-0: Base on Balls
Charlie Owens to second
Batting: RHB Millard Cummings 0-0: Called Strike
0-1: Hit by Pitch
Charlie Owens to third
Jeff Page to second
Batting: RHB Jesse Pérez 0-0: Called Strike
0-1: Called Strike
0-2: Strikes out swinging
Top of the 7th over - 1 run, 1 hit, 0 errors, 3 left on base; Washington State 12 - Texas 3
BOTTOM OF THE 7TH
Texas Longhorns batting - Pitching for Washington State Cougars : LHP Ed Bailey
Batting: RHB Norm Martin 0-0: Ball
1-0: Ball
2-0: Ball
3-0: Base on Balls
Batting: LHB Matt Turner 0-0: Ball
1-0: Ball
Norm Martin steals 2nd base
2-0: Ground out 4-3 (Groundball, 4)
Norm Martin to third
Batting: RHB Quentin Barker 0-0: Foul Ball, location: 2F
0-1: Fly out, F7 (Flyball, 7S)
Runner from 3rd tags up, SCORES, throw made
Batting: RHB Owen Grant 0-0: Called Strike
0-1: Ground out 5-3 (Groundball, 56S)
Bottom of the 7th over - 1 run, 0 hits, 0 errors, 0 left on base; Washington State 12 - Texas 4
TOP OF THE 8TH
Washington State Cougars batting - Pitching for Texas Longhorns : RHP Paul Burns
Batting: RHB Ian Hill 0-0: Foul Ball, location: 2F
0-1: SINGLE (Flyball, 89M)
Batting: RHB Julius Bell 0-0: Ball
1-0: Foul Ball, location: 2F
1-1: Ball
2-1: SINGLE (Line Drive, 8RS)
Ian Hill to second
Batting: LHB Jorge Ramírez 0-0: Fly out, F7 (Flyball, 7LD)
Batting: RHB Charlie Owens 0-0: Called Strike
0-1: Foul Ball, location: 2F
0-2: Fly out, F8 (Flyball, 8RM)
Batting: RHB Walt Hamilton 0-0: Ball
1-0: Ball
2-0: Called Strike
2-1: SINGLE (Line Drive, 6MD)
Ian Hill to third
Julius Bell to second
Batting: RHB Merlin Dobbin 0-0: Called Strike
0-1: Swinging Strike
0-2: Strikes out looking
Top of the 8th over - 0 runs, 3 hits, 0 errors, 3 left on base; Washington State 12 - Texas 4
BOTTOM OF THE 8TH
Texas Longhorns batting - Pitching for Washington State Cougars : LHP Ed Bailey
Batting: LHB Bill Turner 0-0: Fly out, F6 (Popup, P)
Batting: RHB Curtis Lawson 0-0: Ball
1-0: Ball
2-0: Ball
3-0: Base on Balls
Batting: SHB Del McNeill 0-0: Ball
1-0: Called Strike
1-1: Fly out, F8 (Line Drive, 8RD)
Batting: LHB Jim Davis 0-0: Swinging Strike
0-1: Ball
1-1: Reached on error, E7 (Flyball, 7LS)
Curtis Lawson to third
Batting: RHB William Gilmore 0-0: Ball
1-0: Ball
2-0: Ball
3-0: Called Strike
3-1: DOUBLE (Line Drive, 7LS)
Curtis Lawson scores
Jim Davis scores
Batting: RHB Norm Martin 0-0: Fly out, F8 (Flyball, 8LD)
Bottom of the 8th over - 2 runs, 1 hit, 1 error, 1 left on base; Washington State 12 - Texas 6
TOP OF THE 9TH
Washington State Cougars batting - Pitching for Texas Longhorns : RHP Paul Burns
Batting: SHB Jeff Page 0-0: Ball
1-0: Called Strike
1-1: Ball
2-1: Called Strike
2-2: Foul Ball, location: 2F
2-2: Ball
3-2: Fly out, F7 (Flyball, 78D)
Batting: RHB Millard Cummings 0-0: Called Strike
0-1: Ground out 6-3 (Groundball, 6)
Batting: RHB Jesse Pérez 0-0: Ball
1-0: Foul Ball, location: 2F
1-1: Foul Ball, location: 2F
1-2: SOLO HOME RUN (Flyball, 7LD), Distance : 312 ft
Batting: RHB Ian Hill 0-0: Called Strike
0-1: Ball
1-1: Ball
2-1: Swinging Strike
2-2: Strikes out swinging
Top of the 9th over - 1 run, 1 hit, 0 errors, 0 left on base; Washington State 13 - Texas 6
BOTTOM OF THE 9TH
Texas Longhorns batting - Pitching for Washington State Cougars : LHP Ed Bailey
Batting: LHB Matt Turner 0-0: SINGLE (Line Drive, 7)
Batting: RHB Quentin Barker 0-0: Ball
1-0: Ball
2-0: Called Strike
2-1: Ground out 6-3 (Groundball, 6S)
Matt Turner to second
Batting: RHB Owen Grant 0-0: Foul Ball, location: 2F
0-1: Ball
1-1: Ball
2-1: Foul Ball, location: 2F
2-2: Ground out 4-3 (Groundball, 4)
Matt Turner to third
Batting: LHB Bill Turner 0-0: Ground out 1-3 (Groundball, P)
Bottom of the 9th over - 0 runs, 1 hit, 0 errors, 1 left on base; Washington State 13 - Texas 6
Saturday, December 16th, 2017 - OOTP Baseball 18.8 Build 76